 Dungeon Sprint DCSS version 0.29.1-15-g9cfb28693d (webtiles) character file.

Game seed: 14513057903059578441

71462 Groucho the Impregnable (level 14, -14/151 HPs)
             Began as a Minotaur Fighter on Apr 5, 2023.
             Was the Champion of Qazlal.
             Killed from afar by Lom Lobon (23 damage)
             ... with a great icy blast
             ... in the Dungeon (Sprint VII: "The Pits") on Apr 6, 2023.
             The game lasted 00:24:32 (8612 turns).

Groucho the Impregnable (Minotaur Fighter)          Turns: 8612, Time: 00:24:32

Health: -14/151    AC: 26    Str: 24 (25) XL:     14   Next: 97%
Magic:  3/25       EV: 15    Int:  4 (5)  God:    Qazlal [******]
Gold:   32         SH: 35    Dex: 13      Spells: 13/13 levels left

rFire   + + +      SeeInvis .   C - +9 broad axe
rCold   + + +      Faith    .   D - +1 tower shield
rNeg    . . .      Spirit   .   G - +3 storm dragon scales
rPois   +          Reflect  +   (helmet restricted)
rElec   +          Harm     .   E - scarf {rC+ rF+}
rCorr   .          Rampage  .   (no gloves)
Will    ++...      NoTele   +   s - +2 pair of boots {Stlth+}
Stlth   ..........              c - amulet "Sueggah" {Reflect rPois Will+ Dex+2 SH+5}
HPRegen 0.35/turn               T - ring "Vazimn" {rPois rC++ Slay+5}
MPRegen 0.19/turn               O - ring of Ivowelat {Wiz rF++ Slay+5}

@: protected from cold, repel missiles
A: horns 2, retaliatory headbutt, deterioration 1
a: Renounce Religion, Upheaval, Elemental Force, Disaster Area


You were in the Dungeon.
You worshipped Qazlal.
Qazlal was exalted by your worship.
You visited 1 branch You collected 32 gold pieces.

Inventory:

Hand Weapons
 u - the +6 war axe of Lahokhon {freeze, Int+2 SInv}
   (You found it in the Dungeon)

   It freezes those it strikes, dealing additional cold damage.
   It can also slow down cold-blooded creatures.
   Int:       It affects your intelligence (+2).
   SInv:      It lets you see invisible.
 C - a +9 broad axe (weapon)
Missiles
 m - 19 stones (quivered)
Armour
 s - a +2 pair of boots of stealth (worn)
 t - a +3 plate armour
 x - a +0 cloak
 B - +2 gold dragon scales
 D - a +1 tower shield (worn)
 E - a scarf of resistance (worn)
 G - +3 storm dragon scales (worn)
Jewellery
 a - the ring "Dovyuchu" {rC+ rN+ Will+}
   (You found it in the Dungeon)

   [ring of willpower]

   rC:        It protects you from cold.
   rN:        It protects you from negative energy.
   Will:      It increases your willpower.
 b - the ring "Taweroum" {rPois rF+ rC- Str+6 Slay+4}
   (You found it in the Dungeon)

   [ring of strength]

   Str:       It affects your strength (+6).
   Slay:      It affects your accuracy & damage with ranged weapons and melee
   (+4).
   rF:        It protects you from fire.
   rC:        It makes you vulnerable to cold.
   rPois:     It protects you from poison.
 c - the amulet "Sueggah" (around neck) {Reflect rPois Will+ Dex+2 SH+5}
   (You found it in the Dungeon)

   [amulet of reflection]

   It reflects blocked missile attacks.
   Dex:       It affects your dexterity (+2).
   rPois:     It protects you from poison.
   SH:        It affects your SH (+5).
   Will:      It increases your willpower.
 r - the ring of Hoisaaqirr {+Blink Str+4 Dex+6}
   (You found it in the Dungeon)

   [ring of dexterity]

   Str:       It affects your strength (+4).
   Dex:       It affects your dexterity (+6).
   +Blink:    It lets you blink.
 v - the ring "Ditola Iceo" {rF+++ rN+++ Int-5 SInv Stlth-}
   (You found it in the Dungeon)

   [ring of see invisible]

   Int:       It affects your intelligence (-5).
   rF:        It renders you almost immune to fire.
   rN:        It renders you almost immune to negative energy.
   SInv:      It lets you see invisible.
   Stlth:     It makes you less stealthy.
 w - the ring of Springtime {rC+ Int+4}
   (You found it in the Dungeon)

   [ring of protection from cold]

   Int:       It affects your intelligence (+4).
   rC:        It protects you from cold.
 H - the ring of Yendor {Fly SInv}
   (You found it in the Dungeon)

   [ring of flight]

   SInv:      It lets you see invisible.
   Fly:       It grants you flight.
 I - the amulet "Adam" {Reflect Int+3 SH+5}
   (You found it in the Dungeon)

   [amulet of reflection]

   It reflects blocked missile attacks.
   Int:       It affects your intelligence (+3).
   SH:        It affects your SH (+5).
 K - the amulet of Yendor {RegenMP +Blink rElec rF+ Stlth+}
   (You found it in the Dungeon)

   [amulet of magic regeneration]

   It increases your rate of magic regeneration.
   rF:        It protects you from fire.
   rElec:     It insulates you from electricity.
   +Blink:    It lets you blink.
   Stlth:     It makes you more stealthy.
 M - the ring of Mutualism {rElec rF+ Int+3 Slay+5}
   (You found it in the Dungeon)

   [ring of slaying]

   Int:       It affects your intelligence (+3).
   Slay:      It affects your accuracy & damage with ranged weapons and melee
   (+5).
   rF:        It protects you from fire.
   rElec:     It insulates you from electricity.
 N - the ring of Scepticism {rElec rN+ Str+6 Int+4 Stlth-}
   (You found it in the Dungeon)

   [ring of strength]

   Str:       It affects your strength (+6).
   Int:       It affects your intelligence (+4).
   rElec:     It insulates you from electricity.
   rN:        It protects you from negative energy.
   Stlth:     It makes you less stealthy.
 O - the ring of Ivowelat (right hand) {Wiz rF++ Slay+5}
   (You found it in the Dungeon)

   [ring of wizardry]

   It improves your spell success rate.
   Slay:      It affects your accuracy & damage with ranged weapons and melee
   (+5).
   rF:        It greatly protects you from fire.
 P - the ring "Kailuf" {+Blink Will+ Dex+4}
   (You found it in the Dungeon)

   [ring of willpower]

   Dex:       It affects your dexterity (+4).
   +Blink:    It lets you blink.
   Will:      It increases your willpower.
 Q - the amulet "Vun Mibu" {Faith rElec rPois Will+ Dex-5}
   (You found it in the Dungeon)

   [amulet of faith]

   It allows you to gain divine favour quickly.
   Dex:       It affects your dexterity (-5).
   rElec:     It insulates you from electricity.
   rPois:     It protects you from poison.
   Will:      It increases your willpower.
 R - the amulet of Neacetwones {Faith rN++ Str-5}
   (You found it in the Dungeon)

   [amulet of faith]

   It allows you to gain divine favour quickly.
   Str:       It affects your strength (-5).
   rN:        It greatly protects you from negative energy.
 S - the ring "Renecaj" {rElec rC+ Will++ Int-3 Slay+4}
   (You found it in the Dungeon)

   [ring of protection from cold]

   Int:       It affects your intelligence (-3).
   Slay:      It affects your accuracy & damage with ranged weapons and melee
   (+4).
   rC:        It protects you from cold.
   rElec:     It insulates you from electricity.
   Will:      It greatly increases your willpower.
 T - the ring "Vazimn" (left hand) {rPois rC++ Slay+5}
   (You found it in the Dungeon)

   [ring of slaying]

   Slay:      It affects your accuracy & damage with ranged weapons and melee
   (+5).
   rC:        It greatly protects you from cold.
   rPois:     It protects you from poison.
 U - the amulet of Qazlal's Hope {Faith rElec rC+ Int-3}
   (You found it in the Dungeon)

   [amulet of faith]

   It allows you to gain divine favour quickly.
   Int:       It affects your intelligence (-3).
   rC:        It protects you from cold.
   rElec:     It insulates you from electricity.
 V - the ring "Uvveaske" {rPois rC+ Will+ Stlth+}
   (You found it in the Dungeon)

   [ring of willpower]

   rC:        It protects you from cold.
   rPois:     It protects you from poison.
   Will:      It increases your willpower.
   Stlth:     It makes you more stealthy.
 W - the ring "Okam" {rPois Dex+8}
   (You found it in the Dungeon)

   [ring of poison resistance]

   Dex:       It affects your dexterity (+8).
   rPois:     It protects you from poison.
 X - the ring "Tesoehis" {rF+ Will- Int+3 Slay+3}
   (You found it in the Dungeon)

   [ring of protection from fire]

   Int:       It affects your intelligence (+3).
   Slay:      It affects your accuracy & damage with ranged weapons and melee
   (+3).
   rF:        It protects you from fire.
   Will:      It decreases your willpower.
 Y - the ring of Looxeith {rN+ Str+3 Int+4 Dex+6}
   (You found it in the Dungeon)

   [ring of dexterity]

   Str:       It affects your strength (+3).
   Int:       It affects your intelligence (+4).
   Dex:       It affects your dexterity (+6).
   rN:        It protects you from negative energy.
 Z - the ring "Duojyuf" {rPois Dex+9 SInv}
   (You found it in the Dungeon)

   [ring of see invisible]

   Dex:       It affects your dexterity (+9).
   rPois:     It protects you from poison.
   SInv:      It lets you see invisible.
Wands
 F - a wand of mindburst (11)
Scrolls
 j - 2 scrolls of blinking
 k - 2 scrolls of butterflies
 n - 5 scrolls of amnesia
 o - a scroll of summoning
 p - 4 scrolls of enchant armour
 y - a scroll of fear
 z - 2 scrolls of identify
Potions
 d - 2 potions of might
 e - 8 potions of curing
 f - 7 potions of heal wounds
 g - 7 potions of haste
 h - 8 potions of magic
 i - 4 potions of berserk rage
 l - 2 potions of invisibility
 A - a potion of resistance
 L - 2 potions of attraction {unknown}


   Skills:
 + Level 21.2 Fighting
 + Level 20.8 Axes
 + Level 21.3 Armour
 + Level 17.0 Dodging
 + Level 21.2 Shields
 + Level 15.3 Unarmed Combat
 + Level 17.4 Invocations


You had 13 spell levels left.
You didn't know any spells.
Your spell library contained the following spells:

 Spells                   Type           Power      Damage    Failure   Level
 Foxfire                  Conj/Fire      0%         2x1d4     75%         1
 Shock                    Conj/Air       0%         1d3       75%         1
 Slow                     Hex            0%         N/A       75%         1
 Scorch                   Fire           0%         2d5       86%         2
 Call Canine Familiar     Summ           0%         N/A       98%         3
 Confusing Touch          Hex            0%         N/A       98%         3
 Dazzling Flash           Conj/Hex       0%         N/A       98%         3
 Ignite Poison            Fire/Tmut/Pois 0%         N/A       98%         3
 Lesser Beckoning         Tloc           0%         N/A       98%         3
 Mephitic Cloud           Conj/Pois/Air  0%         N/A       98%         3
 Portal Projectile        Hex/Tloc       0%         N/A       98%         3
 Swiftness                Air            0%         N/A       98%         3
 Vampiric Draining        Necr           0%         2d6       98%         3
 Airstrike                Air            0%         2d(0-16)  100%        4
 Flame Wave               Conj/Fire      0%         2d4       100%        4
 Iskenderun's Mystic Bla  Conj/Tloc      0%         2d3       100%        4
 Leda's Liquefaction      Hex/Erth       0%         N/A       100%        4
 Summon Lightning Spire   Summ/Air       0%         N/A       100%        4
 Agony                    Necr           0%         N/A       100%        5
 Alistair's Intoxication  Tmut/Pois      0%         N/A       100%        5
 Blade Hands              Tmut           0%         N/A       100%        5
 Borgnjor's Vile Clutch   Necr/Erth      0%         N/A       100%        5
 Freezing Cloud           Conj/Ice/Air   0%         6-21      100%        5
 Irradiate                Conj/Tmut      0%         3d11      100%        5
 Silence                  Hex/Air        0%         N/A       100%        5
 Conjure Ball Lightning   Conj/Air       0%         3x3d6     100%        6
 Eringya's Noxious Bog    Tmut/Pois      0%         N/A       100%        6
 Simulacrum               Ice/Necr       0%         N/A       100%        6
 Summon Cactus Giant      Summ           0%         N/A       100%        6
 Dragon Form              Tmut           0%         N/A       100%        7
 Storm Form               Tmut/Air       0%         N/A       100%        7
 Borgnjor's Revivificati  Necr           0%         N/A       100%        8
 Discord                  Hex            0%         N/A       100%        8
 Disjunction              Tloc           0%         N/A       100%        8
 Maxwell's Capacitive Co  Air            0%         ∞         100%        8
 Necromutation            Tmut/Necr      0%         N/A       100%        8
 Death's Door             Necr           0%         N/A       100%        9
 Polar Vortex             Ice            0%         N/A       100%        9


Dungeon Overview and Level Annotations

Branches:
Dungeon (1/1)

Altars:
Ashenzari
Cheibriados
Dithmenos
Elyvilon
Fedhas
Gozag
Hepliaklqana
Kikubaaqudgha
Makhleb
Nemelex Xobeh
Okawaru
Qazlal
Ru
Sif Muna
Trog
Uskayaw
Vehumet
Wu Jian
Xom
Yredelemnul
Zin
The Shining One
Jiyva
Lugonu

Annotations:
D Lom Lobon


Innate Abilities, Weirdness & Mutations

You have a pair of horns on your head.
You reflexively headbutt those who attack you in melee.
Your body sometimes deteriorates upon taking damage.


Message History

Unknown command.
Aiming: Upheaval
Press: ? - help, Dir - move target, f/p - Lom Lobon
Aim: Lom Lobon (surrounded by restless winds)
A blizzard blasts the area with ice!
The blast of ice hits Lom Lobon!!
Lom Lobon partially resists.
Lom Lobon is lightly wounded.
Lom Lobon is flash-frozen.
The ball lightning explodes!
The blast of lightning engulfs the ball lightning.
The ball lightning completely resists.
The blast of lightning engulfs the ball lightning.
The ball lightning completely resists.
The blast of lightning engulfs the ball lightning.
The ball lightning completely resists.
The blast of lightning engulfs you! You resist.
* * * LOW HITPOINT WARNING * * *
Your body deteriorates!
You feel weakened.
The ball lightning explodes!
The blast of lightning engulfs you! You resist.
* * * LOW HITPOINT WARNING * * *
The blast of lightning engulfs the ball lightning.
The ball lightning completely resists.
The blast of lightning engulfs the ball lightning.
The ball lightning completely resists.
Lom Lobon gestures.
Lom Lobon blinks!
Unknown command.
Unknown command.
Unknown command.
Blink to where?
Press: ? - help, Dir - move target, p - Lom Lobon
As you read the scroll of blinking, it crumbles to dust.
Lom Lobon is no longer encased in ice.
Lom Lobon gestures at you.
Lom Lobon conjures a mighty blast of ice!
The great icy blast engulfs you!! You partially resist.
Your resistance to electricity fades away.
You feel protected from cold.
You die...

#)# #§# #&# #§#
#§# #§# #§# #§#
#@# #.# #'# #.#
#'#
################'#
.................#
..............)).#
'##############..#


You could see Lom Lobon (gusty).

Vanquished Creatures
  A royal mummy (D)
  Boris (D)
  Margery (D)
  A Tzitzimitl (D)
  An Ice Fiend (D)
  A titan (D)
  A deep elf blademaster (D)
  Frances (D)
  A sphinx (D)
  A death cob (D)
  A rockslime (D)
  3 nagarajas (D)
  A deep elf sorcerer (D)
  2 orc warlords (D)
  3 deep elf demonologists (D)
  3 red draconians (D)
  A lorocyproca (D)
  A deep elf annihilator (D)
  A white draconian (D)
  An eidolon (D)
  Snorg (D)
  A blizzard demon (D)
  A deep elf death mage (D)
  2 mummy priests (D)
  3 vault guards (D)
  2 hydras (D)
  2 naga warriors (D)
  A spriggan air mage (D)
  An anaconda (D)
  A catoblepas (D)
  A centaur warrior (D)
  2 ogre magi (D)
  A two-headed ogre (D)
  An alligator (D)
  A merfolk aquamancer (D)
  A death knight (D)
  4 death yaks (D)
  A vampire mage (D)
  2 deep elf knights (D)
  A spriggan (D)
  An orc high priest (D)
  An iron troll (D)
  2 sea snakes (D)
  A cherub (D)
  A death drake (D)
  A swamp dragon (D)
  A bog body (D)
  3 phantasmal warriors (D)
  2 wizards (D)
  A deep elf pyromancer (D)
  13 orc knights (D)
  A manticore (D)
  2 ugly things (D)
  A moth of wrath (D)
  2 black mambas (D)
  2 smoke demons (D)
  A cane toad (D)
  2 molten gargoyles (D)
  A gargoyle (D)
  An orange demon (D)
  Psyche (D)
  2 naga magi (D)
  A rime drake (D)
  A demonic crawler (D)
  A komodo dragon (D)
  A hellwing (D)
  An ice devil (D)
  A guardian mummy (D)
  2 efreet (D)
  A troll (D)
  A polar bear (D)
  2 hornets (D)
  2 flying skulls (D)
  6 water elementals (D)
  2 jumping spiders (D)
  A culicivora (D)
  A wraith (D)
  A wyvern (D)
  A ynoxinul (D)
  8 yaks (D)
  3 redbacks (D)
  A neqoxec (D)
  A fire elemental (D)
  2 vampire mosquitoes (D)
  A warg (D)
  An acid dragon (D)
  A water moccasin (D)
  2 floating eyes (D)
  A black bear (D)
  3 orc warriors (D)
  A sky beast (D)
  6 wolves (D)
  A centaur (D)
  An earth elemental (D)
  A bullfrog (D)
  2 scorpions (D)
  3 quasits (D)
  2 gnoll boudas (D)
  Jessica (D)
  A mummy (D)
  6 gnolls (D)
  An adder (D)
  A river rat (D)
  A white imp (D)
  An ufetubus (D)
  An adder skeleton (D)
  A worm (D)
  4 orcs (D)
  2 bat skeletons (D)
  A bat zombie (D)
  An endoplasm (D)
  A goblin (D)
  A hobgoblin (D)
  A kobold (D)
  A ball python skeleton (D)
  A ball python zombie (D)
  A bat (D)
  A frilled lizard (D)
  A quokka skeleton (D)
  A rat (D)
  6 ball lightnings (D)
204 creatures vanquished.

Vanquished Creatures (others)
  A frost giant (D)
  A daeva (D)
  A reaper (D)
  14 ball lightnings (D)
17 creatures vanquished.

Grand Total: 221 creatures vanquished

Notes
Turn   | Place    | Note
-------+----------+-------------------------------------------
     0 | D        | Groucho the Minotaur Fighter began the quest for the Orb.
     0 | D        | Reached XP level 1. HP: 19/19 MP: 0/0
     8 | D        | Noticed a floating eye
    10 | D        | Killed a floating eye
    11 | D        | Reached XP level 2. HP: 31/31 MP: 1/1
    11 | D        | Reached XP level 3. HP: 38/38 MP: 2/2
    11 | D        | Reached XP level 4. HP: 45/45 MP: 3/3
    39 | D        | Found a glowing golden altar of the Shining One.
    39 | D        | Found a glowing silver altar of Zin.
    39 | D        | Found a basalt altar of Yredelemnul.
    39 | D        | Found a shimmering altar of Xom.
    39 | D        | Found an ornate altar of the Wu Jian Council.
    39 | D        | Found a bloodstained altar of Trog.
    39 | D        | Found a shimmering blue altar of Sif Muna.
    39 | D        | Found a sacrificial altar of Ru.
    39 | D        | Found a stormy altar of Qazlal.
    39 | D        | Found an iron altar of Okawaru.
    39 | D        | Found a sparkling altar of Nemelex Xobeh.
    39 | D        | Found a burning altar of Makhleb.
    39 | D        | Found a viscous altar of Jiyva.
    39 | D        | Found a hazy altar of Hepliaklqana.
    39 | D        | Found an opulent altar of Gozag.
    39 | D        | Found a blossoming altar of Fedhas.
    39 | D        | Found a white marble altar of Elyvilon.
    39 | D        | Found a shadowy altar of Dithmenos.
    39 | D        | Found a snail-covered altar of Cheibriados.
    40 | D        | Found a radiant altar of Vehumet.
    40 | D        | Found a corrupted altar of Lugonu.
    41 | D        | Found a hide-covered altar of Uskayaw.
    41 | D        | Found an ancient bone altar of Kikubaaqudgha.
    41 | D        | Found a broken altar of Ashenzari.
    46 | D        | Became a worshipper of Qazlal Stormbringer
   564 | D        | Reached * piety under Qazlal
   765 | D        | Reached ** piety under Qazlal
   768 | D        | Noticed a floating eye
   771 | D        | Killed a floating eye
   772 | D        | Reached skill level 5 in Axes
   772 | D        | Reached XP level 5. HP: 53/53 MP: 3/6
   838 | D        | Noticed a flying skull
   842 | D        | Noticed Jessica
   846 | D        | Reached *** piety under Qazlal
   847 | D        | Reached XP level 6. HP: 48/62 MP: 7/7
   853 | D        | Killed Jessica
   868 | D        | Killed a flying skull
   869 | D        | Reached skill level 5 in Invocations
   871 | D        | Reached **** piety under Qazlal
   872 | D        | Reached XP level 7. HP: 45/70 MP: 0/10
  1179 | D        | Noticed an alligator
  1202 | D        | Killed an alligator
  1202 | D        | Reached ***** piety under Qazlal
  1203 | D        | Reached skill level 10 in Fighting
  1203 | D        | Reached skill level 10 in Armour
  1203 | D        | Reached skill level 10 in Shields
  1203 | D        | Reached XP level 8. HP: 25/81 MP: 10/12
  2002 | D        | Noticed an efreet
  2003 | D        | Noticed an orange demon
  2006 | D        | Killed an efreet
  2006 | D        | Killed an orange demon
  2007 | D        | Reached skill level 10 in Axes
  2500 | D        | Got the +2 morningstar "Miapseu" {pain, rF++ rN+ Str-2
                  | Int-4}
  2584 | D        | Noticed a phantasmal warrior
  2588 | D        | Noticed a rime drake
  2597 | D        | Noticed an orc high priest
  2598 | D        | Killed a rime drake
  2599 | D        | Reached XP level 9. HP: 48/90 MP: 12/14
  2599 | D        | Killed a phantasmal warrior
  2600 | D        | Noticed a sun demon
  2602 | D        | Noticed an ice devil
  2602 | D        | Noticed a rust devil
  2602 | D        | Killed an orc high priest
  2606 | D        | Noticed a komodo dragon
  2615 | D        | Reached skill level 5 in Dodging
  2615 | D        | Reached ****** piety under Qazlal
  2617 | D        | Noticed a manticore
  2623 | D        | Killed a komodo dragon
  2624 | D        | Reached XP level 10. HP: 42/101 MP: 4/16
  2626 | D        | Killed a manticore
  3049 | D        | Reached skill level 10 in Invocations
  3052 | D        | Noticed a molten gargoyle
  3057 | D        | Killed a molten gargoyle
  3413 | D        | Noticed a bog body
  3413 | D        | Noticed a molten gargoyle
  3418 | D        | Killed a bog body
  3421 | D        | Killed a molten gargoyle
  3702 | D        | Noticed a centaur warrior
  3703 | D        | Noticed a deep elf pyromancer
  3705 | D        | Killed a deep elf pyromancer
  3705 | D        | Killed a centaur warrior
  3706 | D        | Reached XP level 11. HP: 91/111 MP: 11/18
  3884 | D        | Noticed a five-headed hydra
  3887 | D        | Noticed Psyche
  3890 | D        | Noticed a green ugly thing
  3895 | D        | Killed a ten-headed hydra
  3896 | D        | Reached skill level 15 in Fighting
  3896 | D        | Reached skill level 15 in Armour
  3896 | D        | Reached skill level 15 in Shields
  3902 | D        | Killed Psyche
  3903 | D        | Killed a green ugly thing
  3904 | D        | Reached skill level 5 in Unarmed Combat
  4249 | D        | Got the +6 war axe of Lahokhon {freeze, Int+2 SInv}
  4358 | D        | Noticed a two-headed ogre
  4367 | D        | Killed a two-headed ogre
  4380 | D        | Noticed a swamp dragon
  4388 | D        | Killed a swamp dragon
  4515 | D        | Noticed a sea snake
  4522 | D        | Killed a sea snake
  4523 | D        | Reached skill level 10 in Dodging
  5022 | D        | Reached skill level 15 in Axes
  5072 | D        | Noticed an orc knight
  5072 | D        | Noticed an orc knight
  5072 | D        | Noticed an orc knight
  5073 | D        | Noticed a spriggan rider
  5073 | D        | Noticed an orc knight
  5073 | D        | Noticed an orc warlord
  5073 | D        | Noticed an orc warlord
  5073 | D        | Noticed an orc knight
  5073 | D        | Noticed a deep elf knight
  5073 | D        | Noticed a naga warrior
  5074 | D        | Noticed an orc knight
  5074 | D        | Noticed an orc knight
  5074 | D        | Noticed an orc knight
  5074 | D        | Noticed an orc knight
  5074 | D        | Noticed an orc knight
  5074 | D        | Noticed a deep elf knight
  5074 | D        | Noticed an orc knight
  5075 | D        | Noticed a catoblepas
  5075 | D        | Noticed a vault guard
  5075 | D        | Noticed a blizzard demon
  5075 | D        | Noticed an orc knight
  5076 | D        | Killed a deep elf knight
  5076 | D        | Killed an orc knight
  5076 | D        | Killed an orc knight
  5076 | D        | Killed a spriggan rider
  5076 | D        | Killed an orc knight
  5076 | D        | Noticed a sphinx
  5077 | D        | Reached XP level 12. HP: 113/122 MP: 3/20
  5077 | D        | Noticed a vault guard
  5077 | D        | Noticed a naga warrior
  5078 | D        | Killed an orc warlord
  5078 | D        | Killed an orc warlord
  5079 | D        | Killed a catoblepas
  5084 | D        | Killed a blizzard demon
  5091 | D        | Killed a sphinx
  5094 | D        | Killed a vault guard
  5096 | D        | Killed a vault guard
  5100 | D        | Killed a naga warrior
  5101 | D        | Reached skill level 10 in Unarmed Combat
  5101 | D        | Reached XP level 13. HP: 77/133 MP: 4/22
  5764 | D        | Found the +2 Maxwell's thermic engine {flame, freeze}
  5764 | D        | Noticed a deep elf demonologist
  5764 | D        | Noticed a deep elf sorcerer
  5764 | D        | Noticed Snorg
  5766 | D        | Killed a deep elf sorcerer
  5769 | D        | Killed a deep elf demonologist
  5774 | D        | Killed Snorg
  6148 | D        | Noticed a mummy priest
  6152 | D        | Noticed a death cob
  6161 | D        | Killed a death cob
  6166 | D        | Killed a mummy priest
  6173 | D        | Noticed an eidolon
  6181 | D        | Killed an eidolon
  6182 | D        | Reached skill level 15 in Invocations
  6187 | D        | Identified the +8 scimitar "Putagyod" {vorpal, Fly Will-
                  | Stlth+}
  6187 | D        | Noticed a mummy priest
  6187 | D        | Gained mutation: Your body sometimes deteriorates upon
                  | taking damage. [a neqoxec]
  6221 | D        | Killed a mummy priest
  6423 | D        | Got the amulet "Sueggah" {Reflect rPois Will+ Dex+2 SH+5}
  6559 | D        | Noticed a deep elf annihilator
  6580 | D        | Killed a deep elf annihilator
  6581 | D        | Reached XP level 14. HP: 94/146 MP: 24/24
  6625 | D        | Reached skill level 15 in Dodging
  6625 | D        | Noticed a nagaraja
  6631 | D        | Killed a nagaraja
  6933 | D        | Noticed a nagaraja
  6941 | D        | Noticed a deep elf blademaster
  6949 | D        | Killed a nagaraja
  6956 | D        | Killed a deep elf blademaster
  7009 | D        | Got the ring of Yendor {Fly SInv}
  7011 | D        | Got the amulet "Adam" {Reflect Int+3 SH+5}
  7013 | D        | Got the ring of Jifouxatt {rC+ rCorr Dex-2 SInv}
  7034 | D        | Got the amulet of Yendor {RegenMP +Blink rElec rF+ Stlth+}
  7035 | D        | Noticed Frances
  7048 | D        | Killed Frances
  7052 | D        | Got the ring of Mutualism {rElec rF+ Int+3 Slay+5}
  7054 | D        | Got the ring of Scepticism {rElec rN+ Str+6 Int+4 Stlth-}
  7056 | D        | Got the ring of Moodiness {Drain rC+ rCorr Slay+5}
  7059 | D        | Got the ring "Kailuf" {+Blink Will+ Dex+4}
  7061 | D        | Got the amulet "Vun Mibu" {Faith rElec rPois Will+ Dex-5}
  7064 | D        | Got the amulet of Neacetwones {Faith rN++ Str-5}
  7066 | D        | Got the ring "Renecaj" {rElec rC+ Will++ Int-3 Slay+4}
  7068 | D        | Got the ring "Vazimn" {rPois rC++ Slay+5}
  7070 | D        | Got the amulet of Qazlal's Hope {Faith rElec rC+ Int-3}
  7073 | D        | Got the amulet of Haggy {Regen+ rCorr}
  7120 | D        | Noticed a nagaraja
  7126 | D        | Killed a nagaraja
  7159 | D        | Got the ring "Okam" {rPois Dex+8}
  7161 | D        | Got the ring "Tesoehis" {rF+ Will- Int+3 Slay+3}
  7163 | D        | Got the ring of Looxeith {rN+ Str+3 Int+4 Dex+6}
  7165 | D        | Got the ring "Duojyuf" {rPois Dex+9 SInv}
  7190 | D        | Got the ring "Dovyuchu" {rC+ rN+ Will+}
  7193 | D        | Got the ring "Taweroum" {rPois rF+ rC- Str+6 Slay+4}
  7197 | D        | Got the ring of Hoisaaqirr {+Blink Str+4 Dex+6}
  7199 | D        | Got the ring "Ditola Iceo" {rF+++ rN+++ Int-5 SInv Stlth-}
  7201 | D        | Got the ring of Springtime {rC+ Int+4}
  7203 | D        | Got the ring "Meurphege" {Wiz Drain rElec Int+6}
  7205 | D        | Got the ring of Ivowelat {Wiz rF++ Slay+5}
  7208 | D        | Got the ring "Uvveaske" {rPois rC+ Will+ Stlth+}
  7468 | D        | Got the Grimoire of Aerial Embers
  7486 | D        | Got the Grimoire of Sinister Coordinates
  7521 | D        | Noticed a rockslime
  7529 | D        | Killed a rockslime
  7532 | D        | Noticed a Tzitzimitl
  7536 | D        | Killed a Tzitzimitl
  7921 | D        | Noticed an Ice Fiend
  7926 | D        | Killed an Ice Fiend
  8356 | D        | Noticed Boris
  8368 | D        | Killed Boris
  8584 | D        | Noticed a reaper
  8584 | D        | Noticed a frost giant
  8584 | D        | Noticed a royal mummy
  8584 | D        | Noticed a titan
  8584 | D        | Noticed Lom Lobon
  8584 | D        | Noticed a daeva
  8584 | D        | Noticed Margery
  8586 | D        | Killed a daeva
  8586 | D        | Killed a reaper
  8587 | D        | Reached skill level 15 in Unarmed Combat
  8587 | D        | Killed a frost giant
  8588 | D        | Killed a titan
  8588 | D        | Killed a royal mummy
  8597 | D        | Killed Margery
  8612 | D        | Killed from afar by Lom Lobon

Illustrated notes

Levels and vault maps discovered:
D:        pitsprint [storerooms_1, entrance_room_1, metal_vault_5, armoury_3,
          mini_pit_1, grid_room_1, main_hall_1, silver_pit, the_coven_1,
          the_vestibule_1, steel_vault_5, golden_pit, hallway_of_sentries,
          crystal_vault_5, iron_vault_4, final_vault]

Skill      XL: |  1  2  3  4  5  6  7  8  9 10 11 12 13 14 |
---------------+-------------------------------------------+-----
Fighting       | 6 8 9 10 12 13 14 16 17 19 21 | 21.2
Axes           | 4 5 6 7 9 10 12 13 15 16 18 20 | 20.8
Armour         | 6 8 9 10 11 13 14 16 17 19 21 | 21.3
Shields        | 6 7 8 9 10 12 13 14 16 17 19 21 | 21.2
Invocations    | 3 5 6 8 9 11 12 13 15 17 | 17.4
Dodging        | 2 5 8 10 12 14 17 | 17.0
Unarmed Combat | 2 7 10 12 15 | 15.3

Action                   |  1- 3 |  4- 6 |  7- 9 | 10-12 | 13-15 || total
-------------------------+-------+-------+-------+-------+-------++-------
Melee: Headbutt          |     1 |     6 |     9 |    34 |    56 ||   106
       War axe           |     1 |       |    34 |   114 |    26 ||   175
       Hand axe          |       |    49 |    31 |       |       ||    80
       Broad axe         |       |       |       |       |   212 ||   212
Invok: Upheaval          |       |     3 |     6 |    12 |    32 ||    53
       Disaster Area     |       |       |     1 |     5 |     2 ||     8
  Use: Potion            |       |     1 |     3 |     1 |    16 ||    21
       Scroll            |       |       |       |       |     1 ||     1
Armor: Scale mail        |       |    13 |       |       |       ||    13
       Chain mail        |       |     8 |    11 |       |       ||    19
       Plate armour      |       |       |    18 |    50 |       ||    68
       Storm dragon scal |       |       |       |       |    66 ||    66
Dodge: Dodged            |       |    29 |    20 |    46 |    56 ||   151
       Repelled          |       |       |       |     4 |     9 ||    13
Block: Buckler           |       |    28 |    53 |    98 |    14 ||   193
       Tower shield      |       |       |       |       |   245 ||   245
       Reflection        |       |       |       |       |     2 ||     2
